 Dungeon Sprint DCSS version 0.25-a0-502-g6516661a7a (webtiles) character file.

Game seed: 14103532153293420534, levelgen mode: deterministic

4600000 jt the Axe Maniac (level 27, -21/249 HPs)
             Began as a Formicid Fighter on Feb 12, 2020.
             Was the Champion of Makhleb.
             Demolished by The Servant
             ... wielding a +9 glaive of flaming
              (76 damage)
             ... in the Dungeon (Sprint VIII: "Arena of Blood").
             The game lasted 00:02:52 (46 turns).

jt the Axe Maniac (Formicid Fighter)                  Turns: 46, Time: 00:02:52

Health: -21/249    AC: 13    Str: 26    XL:     27
Magic:  24/54      EV: 32    Int:  7    God:    Makhleb [******]
Gold:   0          SH: 20    Dex: 19    Spells: 80/80 levels left

rFire    . . .     SeeInvis +   l - +∞ Axe of Woe
rCold    . . .     Gourm    .   c - +0 kite shield
rNeg     . . .     Faith    .   b - +0 scale mail
rPois    .         Spirit   .   (helmet unavailable)
rElec    .         Reflect  .   (no cloak)
rCorr    .         Harm     .   (no gloves)
MR       ++...                  (no boots)
Stlth    ++++++++..             (no amulet)
HPRegen  0.51/turn              (no ring)
MPRegen  0.34/turn              (no ring)

@: no status effects
A: permanent stasis, dig shafts and tunnels, four strong arms, antennae 3
a: Dig, Minor Destruction, Lesser Servant of Makhleb, Major Destruction, Greater
Servant of Makhleb, Renounce Religion


You were in the Dungeon.
You worshipped Makhleb.
Makhleb was exalted by your worship.
You were not hungry.

You visited 1 branch

Inventory:

Hand Weapons
 a - a +0 war axe
 l - the +∞ Axe of Woe (weapon)
   (You found it in the Dungeon)
 m - a +9 vorpal great sword
Armour
 b - a +0 scale mail (worn)
 c - a +0 kite shield (worn)
Jewellery
 n - a +200 ring of slaying
Scrolls
 k - a scroll of blinking
Potions
 d - a potion of might
 e - a potion of curing
 g - a potion of heal wounds
 h - a potion of haste
 i - 2 potions of magic
 j - a potion of berserk rage
Comestibles
 f - a ration


   Skills:
 O Level 27 Fighting
 O Level 27 Long Blades
 O Level 27 Axes
 O Level 27 Throwing
 O Level 27 Armour
 O Level 27 Dodging
 O Level 27 Stealth
 O Level 27 Shields
 O Level 27 Unarmed Combat
 O Level 27 Spellcasting
 O Level 27 Invocations


You had 80 spell levels left.
You didn't know any spells.
Your spell library was empty.

Dungeon Overview and Level Annotations

Branches:
Dungeon (1/1)

Altars:
Makhleb

Annotations:
D The Servant


Innate Abilities, Weirdness & Mutations

You cannot be hasted, slowed, berserked, paralysed or teleported.
You can dig through walls and to a lower floor.
Your four strong arms can wield two-handed weapons with a shield.
You have a pair of large antennae on your head. (SInv)


Message History

You feel better.
You are engulfed in blazing flames.
You hear a shout!
A bag of meat comes into view. It is wielding a +9 war axe.
The tyrant is engulfed in blazing flames.
A bag of meat comes into view. It is wielding a +9 war axe.
The eight-headed meat hydra calls on the powers of darkness!
The eight-headed meat hydra convulses! x2; The meat berserker convulses!
The bag of meat convulses! x3; The meat berserker convulses!
The Servant convulses!
The bag of meat convulses!
Your body is wracked with pain!
You hear a shout!
The eight-headed meat hydra calls on the powers of darkness!
The eight-headed meat hydra convulses!
The meat berserker convulses!
The bag of meat convulses!
The eight-headed meat hydra convulses!
The bag of meat convulses! x2; The meat berserker convulses!
Your body is wracked with pain!
* * * LOW HITPOINT WARNING * * *
A bag of meat comes into view. It is wielding a +9 war axe.
The Servant hits you from afar with a +9 glaive of flaming!!!!
You die...

#. ..o# #.. ...#
.......DOo# ##o.
...###z....D...
....###..o..o.L..%.. ##.
....._.........o{.. ....
#.....#.......#.#....
#_.<._#......§OV..% .
.#.....#....x☼#§#@#....
....._...)))XzVX@§ox...§
....###..§.)))X○#L#.#..#
##.......###.))x{§oo..
{#...O.{.#...☼.V{o....
#...o...#........o.o.#
....{{..§.....o{...o...
...o{.......#...#..V...
...........#....#..o..#
.....## ....# ...


You could see 2 tyrants, The Servant, 2 eight-headed meat hydras, 4 destroyers,
2 sculptors of flesh, 3 large abominations, 2 meat berserkers, a small
abomination, 13 bags of meat and 2 crawling corpses.

Vanquished Creatures
  10 vampire knights (D)
  17 ogres (D)
  5 two-headed ogres (D)
  37 orcs (D)
  3 skeletal warriors (D)
  2 large abominations (D)
  A small abomination (D)
  2 crawling corpses (D)
77 creatures vanquished.

Vanquished Creatures (others)
  A two-headed ogre (D)
  3 crawling corpses (D)
4 creatures vanquished.

Grand Total: 81 creatures vanquished

Notes
Turn   | Place    | Note
-------+----------+-------------------------------------------
     0 | D        | Found the +∞ Axe of Woe
     0 | D        | jt the Formicid Fighter began the quest for the Orb.
     0 | D        | Reached XP level 1. HP: 18/18 MP: 1/1
     2 | D        | Noticed a bag of meat
     3 | D        | Noticed a bag of meat
     4 | D        | Became a worshipper of Makhleb the Destroyer
     4 | D        | Noticed a bag of meat
     6 | D        | Noticed a bag of meat
     6 | D        | Noticed a meat berserker
     6 | D        | Noticed a bag of meat
     6 | D        | Noticed a bag of meat
     7 | D        | Noticed a meat berserker
     7 | D        | Noticed a meat berserker
     8 | D        | Noticed a meat berserker
     9 | D        | Killed a meat berserker
     9 | D        | Reached skill level 27 in Axes
     9 | D        | Reached XP level 2. HP: 38/38 MP: 2/2
     9 | D        | Reached XP level 3. HP: 44/44 MP: 3/3
     9 | D        | Reached XP level 4. HP: 51/51 MP: 4/4
     9 | D        | Reached XP level 5. HP: 57/57 MP: 5/5
     9 | D        | Reached XP level 6. HP: 64/64 MP: 6/6
     9 | D        | Reached XP level 7. HP: 70/70 MP: 7/7
     9 | D        | Reached XP level 8. HP: 76/76 MP: 8/8
     9 | D        | Reached XP level 9. HP: 82/82 MP: 9/9
     9 | D        | Reached XP level 10. HP: 89/89 MP: 10/10
     9 | D        | Reached XP level 11. HP: 95/95 MP: 11/11
     9 | D        | Reached XP level 12. HP: 102/102 MP: 12/12
     9 | D        | Reached XP level 13. HP: 108/108 MP: 13/13
     9 | D        | Noticed a bag of meat
     9 | D        | Noticed a bag of meat
    10 | D        | Killed a bag of meat
    10 | D        | Reached * piety under Makhleb
    10 | D        | Reached XP level 14. HP: 126/126 MP: 14/14
    10 | D        | Noticed a bag of meat
    10 | D        | Noticed a bag of meat
    11 | D        | Killed a meat berserker
    11 | D        | Reached XP level 15. HP: 146/146 MP: 15/15
    12 | D        | Killed a meat berserker
    12 | D        | Reached XP level 16. HP: 162/162 MP: 16/16
    12 | D        | Killed a meat berserker
    12 | D        | Reached ** piety under Makhleb
    12 | D        | Reached skill level 27 in Fighting
    12 | D        | Reached skill level 27 in Shields
    12 | D        | Reached XP level 17. HP: 174/174 MP: 16/26
    12 | D        | Noticed a meat berserker
    13 | D        | Reached skill level 15 in Invocations
    13 | D        | Reached XP level 18. HP: 182/182 MP: 16/30
    13 | D        | Reached *** piety under Makhleb
    13 | D        | Reached skill level 15 in Dodging
    13 | D        | Noticed a destroyer
    15 | D        | Killed a destroyer
    15 | D        | Reached XP level 19. HP: 189/189 MP: 16/35
    16 | D        | Killed a meat berserker
    16 | D        | Reached **** piety under Makhleb
    16 | D        | Reached skill level 27 in Invocations
    16 | D        | Reached XP level 20. HP: 197/197 MP: 16/37
    16 | D        | Noticed a meat berserker
    18 | D        | Noticed a destroyer
    19 | D        | Noticed a meat berserker
    19 | D        | Noticed a large bag of meat
    20 | D        | Reached skill level 27 in Armour
    20 | D        | Reached skill level 27 in Dodging
    20 | D        | Noticed a meat berserker
    21 | D        | Noticed a meat berserker
    21 | D        | Noticed a meat berserker
    21 | D        | Noticed a destroyer
    22 | D        | Killed a destroyer
    22 | D        | Reached ***** piety under Makhleb
    22 | D        | Reached XP level 21. HP: 204/204 MP: 17/38
    23 | D        | Noticed a meat berserker
    23 | D        | Noticed a meat berserker
    24 | D        | Killed a meat berserker
    24 | D        | Reached XP level 22. HP: 143/212 MP: 18/44
    25 | D        | Killed a meat berserker
    25 | D        | Reached skill level 27 in Stealth
    25 | D        | Reached XP level 23. HP: 219/219 MP: 18/49
    25 | D        | Reached ****** piety under Makhleb
    25 | D        | Noticed a large bag of meat
    25 | D        | Noticed a large bag of meat
    27 | D        | Killed a large bag of meat
    27 | D        | Reached skill level 27 in Throwing
    27 | D        | Reached skill level 27 in Unarmed Combat
    27 | D        | Reached skill level 27 in Spellcasting
    27 | D        | Reached skill level 10 in Long Blades
    27 | D        | Reached XP level 24. HP: 227/227 MP: 19/54
    28 | D        | Reached skill level 27 in Long Blades
    28 | D        | Reached XP level 25. HP: 234/234 MP: 19/54
    29 | D        | Noticed a destroyer
    30 | D        | Killed a destroyer
    30 | D        | Reached XP level 26. HP: 242/242 MP: 19/54
    31 | D        | Noticed a large bag of meat
    31 | D        | Noticed a destroyer
    31 | D        | Noticed The Servant
    31 | D        | Noticed a destroyer
    33 | D        | Killed a large bag of meat
    33 | D        | Noticed a large bag of meat
    34 | D        | Reached XP level 27. HP: 162/249 MP: 21/54
    34 | D        | Noticed a destroyer
    34 | D        | Noticed a destroyer
    36 | D        | Killed a large bag of meat
    36 | D        | Noticed a destroyer
    37 | D        | Killed a large bag of meat
    38 | D        | Noticed a destroyer
    39 | D        | Killed a destroyer
    40 | D        | Killed a destroyer
    40 | D        | Noticed a destroyer
    41 | D        | Killed a destroyer
    41 | D        | Killed a destroyer
    41 | D        | Noticed a destroyer
    42 | D        | Killed a large bag of meat
    43 | D        | Killed a destroyer
    43 | D        | Noticed a destroyer
    43 | D        | Noticed a destroyer
    44 | D        | Killed a destroyer
    44 | D        | Killed a destroyer
    44 | D        | Noticed a destroyer
    45 | D        | Noticed a tyrant
    45 | D        | Killed a large bag of meat
    45 | D        | Noticed a tyrant
    46 | D        | Demolished by The Servant

Levels and vault maps discovered:
D:        meatsprint

Skill      XL: |  1  2  3  4  5  6  7  8  9 10 11 12 13 14 15 16 17 18 19 20 21 22 23 24 |
---------------+-------------------------------------------------------------------------+-----
Axes           | 27 | 27.0
Fighting       | 12 16 21 25 27 | 27.0
Shields        | 13 17 23 26 27 | 27.0
Armour         | 11 16 23 25 27 | 27.0
Dodging        | 9 14 20 22 27 | 27.0
Invocations    | 12 17 25 27 | 27.0
Throwing       | 13 18 22 27 | 27.0
Stealth        | 16 22 27 | 27.0
Unarmed Combat | 13 18 22 27 | 27.0
Spellcasting   | 13 18 22 27 | 27.0
Long Blades    | 10 27 | 27.0

Action                   |  1- 3 |  4- 6 |  7- 9 | 10-12 | 13-15 | 16-18 | 19-21 | 22-24 | 25-27 || total
-------------------------+-------+-------+-------+-------+-------+-------+-------+-------+-------++-------
Melee: Executioner's axe |     1 |       |       |       |     3 |     3 |     4 |     3 |    15 ||    29
Invok: Major Destruction |       |       |       |       |       |       |       |       |     1 ||     1
Dodge: Dodged            |       |       |       |       |       |       |       |       |     2 ||     2
Block: Kite shield       |       |       |       |       |       |       |       |       |     1 ||     1

Table legend:
 A = Non-vault XP
 B = Vault XP
 C = Vault XP percentage of total XP
 D = Non-vault monster count
 E = Vault monster count
 F = Vault count percentage of total count
                 A         B        C        D         E       F
            +---------+---------+-------+---------+---------+-------
      Total |  843586 |  907969 |  51.8 |      30 |      45 |  60.0
            +---------+---------+-------+---------+---------+-------
          D |  843586 |  907969 |  51.8 |      30 |      45 |  60.0
            +---------+---------+-------+---------+---------+-------
